 Dungeon Crawl Stone Soup version 0.27.1-1-g398f81649c (webtiles) character file.

Game seed: 13067568774400820727

1465 bnorton916 the Vexing (level 8, -4/41 HPs)
             Began as a Deep Elf Conjurer on Sept 6, 2021.
             Was a Follower of Vehumet.
             Slain by a gnoll sergeant (14 damage)
             ... on level 6 of the Dungeon.
             The game lasted 00:10:50 (8239 turns).

bnorton916 the Vexing (Deep Elf Conjurer)           Turns: 8239, Time: 00:10:50

Health: -4/41      AC:  4    Str:  5    XL:     8   Next: 48%
Magic:  13/18      EV: 13    Int: 31    God:    Vehumet [*.....]
Gold:   302        SH:  0    Dex: 13    Spells: 6/17 levels left

rFire    . . .     SeeInvis +   v - +3 dagger (venom)
rCold    . . .     Faith    .   (no shield)
rNeg     . . .     Spirit   .   a - +0 robe
rPois    .         Reflect  .   (no helmet)
rElec    .         Harm     .   (no cloak)
rCorr    .         Rampage  .   (no gloves)
Will     .....                  h - +1 pair of boots
Stlth    ++........             (no amulet)
HPRegen  0.13/turn              o - ring of see invisible
MPRegen  0.16/turn              E - +6 ring of intelligence

@: no status effects
A: no striking features
a: Renounce Religion


You were on level 6 of the Dungeon.
You worshipped Vehumet.
Vehumet was aware of your devotion.
You visited 2 branches of the dungeon, and saw 7 of its levels.
You also visited: Sewer and Ossuary.

You collected 302 gold pieces.

Inventory:

Hand Weapons
 v - a +3 dagger of venom (weapon)
Missiles
 d - 151 stones
Armour
 a - a +0 robe (worn)
 h - a +1 pair of boots (worn)
 G - a +2 tower shield
Magical Staves
 C - a staff of air
Jewellery
 m - a ring of ice
 o - a ring of see invisible (left hand)
 z - a ring of ice
 E - a +6 ring of intelligence (right hand)
Wands
 A - a wand of paralysis (8)
 F - a wand of iceblast (10)
Scrolls
 b - a scroll of magic mapping
 e - 2 scrolls of enchant weapon
 k - a scroll of teleportation
 l - 3 scrolls of fear
 n - a scroll of vulnerability
 t - a scroll of fog
 u - 2 scrolls of enchant armour
 x - a scroll of torment {unknown}
 y - a scroll of amnesia {unknown}
 H - a scroll of summoning {unknown}
 J - a scroll of blinking {unknown}
Potions
 c - a potion of mutation {unknown}
 f - 2 potions of haste {unknown}
 g - 2 potions of flight {unknown}
 i - 2 potions of attraction {unknown}
 j - 2 potions of curing {unknown}
 p - 2 potions of invisibility {unknown}
 q - 3 potions of magic
 r - 8 potions of heal wounds {unknown}
 s - 3 potions of might {unknown}
 w - 2 potions of lignification {unknown}
 B - a potion of brilliance {unknown}
 D - a potion of degeneration {unknown}
 I - a potion of resistance {unknown}


   Skills:
 + Level 2.3 Armour
 + Level 4.4 Dodging
 - Level 2.4 Stealth
 - Level 5.4 Spellcasting
 - Level 5.8 Conjurations
 - Level 7.4 Hexes
 - Level 6.1 Translocations


You had 6 spell levels left.
You knew the following spells:

 Your Spells              Type           Power      Damage    Failure   Level
a - Magic Dart            Conj           100%       1d8       1%          1
b - Searing Ray           Conj           88%        3d6       1%          2
c - Fulminant Prism       Conj/Hex       24%        3d13      3%          4
d - Iskenderun's Mystic   Conj/Tloc      45%        2d10      4%          4

Your spell library contained the following spells:

 Spells                   Type           Power      Damage    Failure   Level
 Foxfire                  Conj/Fire      100%       2x1d9     1%          1
 Dazzling Flash           Conj/Hex       98%        N/A       1%          3
 Chain Lightning          Conj/Air       13%        3d17      100%        9
 Fire Storm               Conj/Fire      13%        8d3       100%        9


Dungeon Overview and Level Annotations

Branches:
Dungeon (6/15)             Temple (1/1) D:4           Sewer (visited)
Ossuary (visited)

Altars:
Cheibriados
Elyvilon
Fedhas
Gozag
Hepliaklqana
Kikubaaqudgha
Makhleb
Okawaru
Qazlal
Sif Muna
Uskayaw
Vehumet
Wu Jian
Yredelemnul
Zin
The Shining One

Annotations:
D:4 1 runed translucent door, ZARRMARR's ghost, amateur OpTm


Message History

I - a dark potion
J - a scroll labelled ZEOJUN BIPS
q - 3 potions of magic (gained 1)
There is a gate leading back out of this place here.
Welcome back to the Dungeon!
There is a collapsed entrance here.
As you read the scroll labelled RONYBIRIAH, it crumbles to dust.
You assume a fearsome visage.
Nothing appears to happen.
It was a scroll of fear.
As you read the scroll labelled BUYNEFFUGOCS, it crumbles to dust.
The scroll dissolves into smoke.
It was a scroll of fog.
As you read the scroll labelled MUCZOKKILYXT, it crumbles to dust.
You feel strangely unstable.
It was a scroll of teleportation.
As you read the scroll labelled MOVVUU VACS, it crumbles to dust.
It is a scroll of enchant weapon.
Your +2 dagger of venom glows red for a moment.
Unknown command.
Your surroundings suddenly seem different.
A gnoll sergeant comes into view. It is wielding a +0 trident.
The gnoll sergeant shouts!
You hear a shout!
Casting: Searing Ray (safe; 1% risk of failure)
Confirm with . or Enter, or press ? or * to list all spells.
Aiming: Searing Ray (safe; 1% risk of failure)
Press: ? - help, Shift-Dir - straight line, f - gnoll sergeant
Aim: a gnoll sergeant, wielding a +0 trident and wearing a +0 scale mail (87% to hit)
The searing ray misses the gnoll sergeant. (Press . to maintain the ray.)
An ufetubus comes into view.
The gnoll sergeant hits you from afar with a +0 trident!
The searing ray hits the gnoll sergeant.
The gnoll sergeant is lightly wounded.
The gnoll sergeant hits you from afar with a +0 trident!
The searing ray misses the gnoll sergeant.
The gnoll sergeant hits you from afar with a +0 trident.
* * * LOW HITPOINT WARNING * * *
The searing ray hits the gnoll sergeant!
The gnoll sergeant is heavily wounded.
You finish channeling your searing ray.
The gnoll sergeant hits you from afar with a +0 trident!
You die...

......#.# *,* ....#*#.# *,*
#.#####.###############*** *,*
...............<.......,>*****,**
##################.#...,,*,,,,,,,
,,,,,,,,,,,,,,*###.**,**,*,******
,*****,,,,,,,,*#.g,,,,**,*,* **
*,,,,,,,,*#.#,*,,**,*,*
*,,,,,,,,*#@#,*****,*,*
***,,,,,,,,*#.#,,,,,,,*,*
****,,>,,,,,,,*#.#******,*,*
,,,,,,,,,,,,,,,..# *****,*
****,,,,,,,,,,*### *,,,,,*
*,,,*+****** *,*****
********,********* *,*
*,,,,,,,,,,,,,,,,*****,*
*,****,,,,,,,,,,,,,,,,,*


You could see a gnoll sergeant.

Vanquished Creatures
  2 black bears (D:4)
  An ogre (D:4)
  2 bullfrogs (Sewer)
  3 scorpions
  4 centaur zombies (Ossuary)
  2 hounds (D:5)
  A jelly (D:4)
  2 orc priests (D:5)
  2 gnoll shamans
  2 iguanas (D:5)
  A centaur skeleton (D:4)
  2 orc wizards (D:4)
  5 mummies (Ossuary)
  11 adders
  8 gnolls
  5 river rats
  An ufetubus (D:4)
  An adder skeleton (D:4)
  A worm (D:4)
  5 dart slugs
  18 orcs
  5 endoplasms
  3 giant cockroaches
  7 goblins
  5 hobgoblins
  6 kobolds
  5 quokkas
  17 ball pythons
  3 bats
  6 frilled lizards
  3 hobgoblin zombies (Ossuary)
  28 rats
167 creatures vanquished.

Notes
Turn   | Place    | Note
-------+----------+-------------------------------------------
     0 | D:1      | bnorton916 the Deep Elf Conjurer began the quest for the
                  | Orb.
     0 | D:1      | Reached XP level 1. HP: 10/10 MP: 6/6
   279 | D:1      | Reached XP level 2. HP: 15/15 MP: 1/8
   372 | D:1      | Found a faded altar of an unknown god.
  1262 | D:2      | Reached skill level 5 in Conjurations
  1262 | D:2      | Reached XP level 3. HP: 19/19 MP: 7/10
  2337 | D:3      | Found a glowing drain.
  2345 | D:3      | Learned a level 2 spell: Searing Ray
  2459 | Sewer    | Entered a sewer
  2478 | Sewer    | Reached XP level 4. HP: 24/24 MP: 4/12
  2836 | Sewer    | Reached skill level 5 in Spellcasting
  3357 | Sewer    | Reached XP level 5. HP: 28/28 MP: 12/14
  3363 | Sewer    | Learned a level 4 spell: Fulminant Prism
  3368 | Sewer    | Learned a level 4 spell: Iskenderun's Mystic Blast
  3398 | Sewer    | Reached skill level 1 in Hexes
  3447 | Sewer    | Reached skill level 1 in Translocations
  3672 | Sewer    | Reached skill level 2 in Hexes
  3675 | Sewer    | Reached skill level 3 in Hexes
  3675 | Sewer    | Reached XP level 6. HP: 19/32 MP: 3/16
  4425 | D:3      | Found an ornate altar of the Wu Jian Council.
  4771 | D:4      | Reached skill level 4 in Hexes
  5152 | D:4      | Found a runed translucent door.
  5451 | D:4      | Reached XP level 7. HP: 36/36 MP: 13/17
  5468 | D:4      | Reached skill level 5 in Hexes
  5684 | D:4      | Found a staircase to the Ecumenical Temple.
  5741 | Temple   | Entered the Ecumenical Temple
  5852 | Temple   | Became a worshipper of Vehumet
  6154 | D:4      | Noticed ZARRMARR's ghost (amateur OpTm)
  6210 | D:4      | Reached skill level 6 in Hexes
  6210 | D:4      | Reached skill level 5 in Translocations
  6550 | D:5      | Entered Level 5 of the Dungeon
  6911 | D:5      | Reached skill level 7 in Hexes
  6917 | D:5      | Reached XP level 8. HP: 41/41 MP: 9/18
  7393 | D:5      | Reached skill level 1 in Armour
  7632 | D:6      | Found a sand-covered staircase.
  7637 | Ossuary  | Entered an ossuary
  7643 | Ossuary  | Reached * piety under Vehumet
  7643 | Ossuary  | Offered knowledge of Foxfire by Vehumet.
  8239 | D:6      | Slain by a gnoll sergeant

Illustrated notes

Levels and vault maps discovered:
D:1:      co_arrival_random_square_maze, layout_basic,
          hellmonk_ecumenical_altar_crossroads
D:2:      layout_basic, minmay_misc_feat_diagonals
D:3:      layout_loops_ring, amcnicky_altar_gilded, portal_sewer_entry_c
D:4:      layout_basic, temple_hall, ebering_ghost_sewer_d, serial_curves,
          eino_curves_04, eino_curves_02, mrwooster_statue_mirror,
          kennysheep_big_empty_room, minmay_puff
D:5:      layout_rooms
D:6:      layout_basic, enter_ossuary_3
Temple:   regret_index_temple_waves

Skill      XL: |  1  2  3  4  5  6  7  8 |
---------------+-------------------------+-----
Spellcasting   | 4 5 |  5.4
Conjurations   | 5 |  5.8
Hexes          | 3 4 7 |  7.4
Translocations | 2 4 5 6 |  6.1
Dodging        | 4 |  4.4
Armour         | 2 |  2.3
Stealth        | |  2.4

Action                   |  1- 3 |  4- 6 |  7- 9 || total
-------------------------+-------+-------+-------++-------
Melee: Unarmed           |       |     1 |       ||     1
       Dagger            |       |       |     3 ||     3
 Cast: Magic Dart        |    56 |   105 |    62 ||   223
       Searing Ray       |     3 |    15 |    34 ||    52
       Iskenderun's Myst |       |     1 |     3 ||     4
  Use: Scroll            |     5 |     2 |     5 ||    12
       Potion            |       |       |     1 ||     1
Armor: Robe              |     1 |     4 |    22 ||    27
Dodge: Dodged            |     4 |    16 |    40 ||    60
